Winnipeg Jets vs Edmonton Oilers
(R2)
Created - Monday, October 23, 2023 at 07:38
Goals
|
| Winnipeg Jets |
0 |
1 |
2 |
3 |
| Edmonton Oilers |
1 |
1 |
3 |
5 |
|
Shots
|
| Winnipeg Jets |
6 |
13 |
13 |
32 |
| Edmonton Oilers |
11 |
7 |
10 |
28 |
|
1st period
1. Edmonton Oilers , Adrian Kempe 22 (David Perron 12, Boone Jenner 27) at 10:51 (PP)
Penalties :
Mark Borowiecki (WPG) for Hooking (Minor) at 3:20, Dylan Samberg (WPG) for High sticking (Minor) at 9:50, Alex DeBrincat (WPG) for Slashing (Double Minor) at 10:33, Calen Addison (WPG) for Tripping (Minor) at 17:09
2nd period
2. Edmonton Oilers , David Perron 13 (Boone Jenner 28, Juuse Saros) at 15:42 (PP)
3. Winnipeg Jets , Kaapo Kakko 13 (Nick Suzuki 22, Dylan Samberg 9) at 18:41
Penalties :
Mark Borowiecki (WPG) for Tripping (Minor) at 0:55, Brock Boeser (EDM) for Delaying the game (Minor) at 7:01, Calen Addison (WPG) for Holding (Minor) at 9:30, Joel Armia (WPG) for Hooking (Minor) at 15:27, Nathan Beaulieu (WPG) for Interference (Minor) at 19:44
3rd period
4. Edmonton Oilers , Jakub Voracek 5 (Brock Boeser 9, Juuse Saros) at 4:32 (PP)
5. Winnipeg Jets , Alex DeBrincat 19 (Nick Suzuki 23, Connor McDavid 26) at 8:03
6. Edmonton Oilers , Mikael Backlund 11 (Jacob Trouba 9, Jeff Carter 9) at 12:57
7. Winnipeg Jets , Nick Suzuki 17 (Kaapo Kakko 17) at 14:30
8. Edmonton Oilers , David Perron 14 (Jake DeBrusk 13, Adrian Kempe 22) at 19:08
Penalties :
Dante Fabbro (WPG) for Slashing (Minor) at 3:50, Alex DeBrincat (WPG) for Hooking (Minor) at 6:02, Brett Pesce (EDM) for Hooking (Minor) at 9:56, Boone Jenner (EDM) for Fighting (Major) at 14:35, Ty Smith (WPG) for Fighting (Major) at 14:35, Boone Jenner (EDM) for instigated a fight (Minor) at 14:35, Boone Jenner (EDM) for instigated and being the aggresor in a fight (20 Minutes Game Misconduct) at 14:35
Goalie Stats
Spencer Knight (WPG), 23 saves from 28 shots - (0.821), L, 6-8-2, 60:00 minutes
Juuse Saros (EDM), 29 saves from 32 shots - (0.906), W, 16-12-3, 60:00 minutes
Players Stats for Winnipeg Jets
Player Name G A P +/- PIM S H SB GA TA FO MP PP MP PK MP
------------------------------------------------------------------------------------
Alex DeBrincat 1 0 1 1 6 3 3 0 2 0 0/2 17:50 2:51 5:17
Andrew Cogliano 0 0 0 0 0 0 4 0 0 0 0/3 11:49 0:00 2:57
Barclay Goodrow 0 0 0 1 0 2 1 0 1 2 0/1 12:42 3:06 0:00
Calen Addison 0 0 0 1 4 0 0 0 0 1 0/0 11:50 0:28 0:18
Connor McDavid 0 1 1 1 0 2 0 0 0 1 20/34 20:26 2:51 8:16
Dante Fabbro 0 0 0 0 2 3 0 0 1 0 0/0 27:27 3:44 8:12
Dylan Samberg 0 1 1 1 2 2 0 1 1 2 0/0 21:42 0:00 9:35
Joel Armia 0 0 0 -1 2 2 0 0 0 0 0/0 8:13 0:00 0:00
Kaapo Kakko 1 1 2 1 0 3 1 0 1 0 0/0 12:42 3:06 0:00
Lucas Raymond 0 0 0 0 0 3 1 0 1 1 0/1 20:14 2:51 7:44
Mark Borowiecki 0 0 0 -1 4 0 1 0 0 1 0/0 15:16 3:09 0:37
Matthew Beniers 0 0 0 0 0 1 2 0 1 0 3/6 8:20 0:00 0:00
Nathan Beaulieu 0 0 0 1 2 1 2 1 0 1 0/0 22:38 2:48 6:56
Nick Suzuki 1 2 3 2 0 5 1 0 1 2 8/14 21:32 3:06 8:43
Pius Suter 0 0 0 -1 0 0 0 0 0 0 0/0 8:36 0:00 0:20
Sam Steel 0 0 0 -1 0 3 0 0 1 0 2/3 8:18 0:00 0:02
Ty Smith 0 0 0 0 5 0 0 0 0 0 0/0 22:03 1:45 9:28
Yegor Sharangovich 0 0 0 0 0 2 1 0 0 0 1/1 10:20 0:00 1:28
Players Stats for Edmonton Oilers
Player Name G A P +/- PIM S H SB GA TA FO MP PP MP PK MP
------------------------------------------------------------------------------------
Adrian Kempe 1 1 2 -1 0 2 1 0 2 1 0/2 19:47 9:27 0:00
Boone Jenner 0 2 2 -2 27 1 2 0 0 0 13/25 17:35 9:27 0:00
Brandon Carlo 0 0 0 -1 0 0 1 0 0 0 0/0 16:29 0:00 3:33
Brett Pesce 0 0 0 -2 2 0 1 1 1 2 0/0 19:50 6:20 0:00
Brock Boeser 0 1 1 -1 2 2 1 0 3 0 0/0 17:34 7:43 0:00
David Perron 2 1 3 0 0 7 0 1 1 0 2/4 22:12 11:13 0:00
Dawson Mercer 0 0 0 -1 0 1 1 1 1 0 0/0 14:12 6:42 0:15
Derek Grant 0 0 0 0 0 0 1 0 0 0 3/9 11:54 0:00 2:53
Erik Johnson 0 0 0 1 0 0 2 1 0 2 0/0 15:17 0:00 3:33
Evan Bouchard 0 0 0 0 0 1 0 1 0 0 0/0 21:46 11:13 0:00
Jacob Trouba 0 1 1 1 0 0 1 1 0 1 0/0 14:17 0:00 2:24
Jake DeBrusk 0 1 1 -1 0 5 1 0 0 0 0/1 19:18 9:10 0:00
Jakob Silfverberg 0 0 0 0 0 1 1 0 0 0 0/0 11:39 0:30 2:53
Jakub Voracek 1 0 1 0 0 3 0 0 0 0 0/0 16:11 7:40 0:00
Jeff Carter 0 1 1 1 0 2 0 0 0 1 6/7 11:50 0:11 2:49
Mikael Backlund 1 0 1 0 0 3 2 2 1 2 7/17 19:45 7:43 2:49
Paul Stastny 0 0 0 0 0 0 1 1 1 0 0/0 10:07 0:26 0:15
Scott Mayfield 0 0 0 1 0 0 1 0 1 1 0/0 14:17 0:00 2:24
3 Stars
1 - David Perron (EDM)
2 - Nick Suzuki (WPG)
3 - Kaapo Kakko (WPG)
Power Play
Winnipeg Jets - 0 on 3 Attempt(s) - 0.00%
Edmonton Oilers - 3 on 11 Attempt(s) - 27.27%
Penalty Kill
Winnipeg Jets - 8 on 11 Attempt(s) - 72.73%
- Score 0 goal in Penalty Kill
Edmonton Oilers - 3 on 3 Attempt(s) - 100.00%
- Score 0 goal in Penalty Kill
Team Stat
Winnipeg Jets - Hits : 17 - Faceoff Wins : 34 - Blocked Shots : 2 - Penalty Minutes : 27
Edmonton Oilers - Hits : 17 - Faceoff Wins : 31 - Blocked Shots : 9 - Penalty Minutes : 31
Official
Referees : Mike Leggo and Graham Skiliter
Linesman : Mark Shewchyk and Greg Devorski
Game Notes
Boone Jenner and Ty Smith fight to a draw at 14:35 of 3rd period
Boone Jenner ejected from game at 14:35 of 3rd period
Finance
Level 1 -- Attendance: 5650 (94.17%) -- Ticket Income $508,500
Level 2 -- Attendance: 4479 (89.58%) -- Ticket Income $223,950
Level 3 -- Attendance: 2752 (91.73%) -- Ticket Income $82,560
Level 4 -- Attendance: 5000 (100.00%) -- Ticket Income $100,000
Luxury Box -- Attendance: 852 (85.20%) -- Ticket Income $161,880
Game was played at the Rexall Place.
Total Attendance: 18733 (93.67%)
Total Ticket Income: $1,076,890
Other Income: $376,912
Total Income: $1,453,802
Winnipeg Jets
5 vs 5 Forward
Center Left Wing Right Wing Time % Phy DF OF
1 Connor McDavid Alex DeBrincat Lucas Raymond 30 1 2 2
2 Nick Suzuki Barclay Goodrow Kaapo Kakko 30 1 2 2
3 Matthew Beniers Andrew Cogliano Yegor Sharangovich 25 1 2 2
4 Sam Steel Pius Suter Joel Armia 15 1 2 2
5 vs 5 Defense
Defense Defense Time % Phy DF OF
1 Dante Fabbro Nathan Beaulieu 35 1 2 2
2 Dylan Samberg Calen Addison 35 1 2 2
3 Ty Smith Mark Borowiecki 30 1 2 2
4 Dante Fabbro Nathan Beaulieu 0 1 2 2
PowerPlay Forward
Center Left Wing Right Wing Time % Phy DF OF
1 Connor McDavid Alex DeBrincat Lucas Raymond 50 1 2 2
2 Nick Suzuki Barclay Goodrow Kaapo Kakko 50 1 2 2
PowerPlay Defense
Defense Defense Time % Phy DF OF
1 Dante Fabbro Nathan Beaulieu 50 1 2 2
2 Ty Smith Mark Borowiecki 50 1 2 2
Penalty Kill 4 Players Forward
Center Wing Time % Phy DF OF
1 Connor McDavid Nick Suzuki 50 1 2 2
2 Alex DeBrincat Lucas Raymond 50 1 2 2
Penalty Kill 4 Players Defense
Defense Defense Time % Phy DF OF
1 Nathan Beaulieu Dante Fabbro 50 1 2 2
2 Dylan Samberg Ty Smith 50 1 2 2
Penalty Kill - 3 Players Forward
Forward Time % Phy DF OF
1 Connor McDavid 50 1 2 2
2 Nick Suzuki 50 1 2 2
Penalty Kill - 3 Players Defense
Defense Defense Time % Phy DF OF
1 Nathan Beaulieu Dante Fabbro 50 1 2 2
2 Calen Addison Dylan Samberg 50 1 2 2
4 vs 4 Forward
Center Wing Time % Phy DF OF
1 Connor McDavid Nick Suzuki 50 1 2 2
2 Alex DeBrincat Lucas Raymond 50 1 2 2
4 vs 4 Defense
Defense Defense Time % Phy DF OF
1 Dante Fabbro Dylan Samberg 50 1 2 2
2 Nathan Beaulieu Calen Addison 50 1 2 2
Last Minutes Offensive
Center Left Wing Right Wing Defense Defense
Connor McDavid Alex DeBrincat Lucas Raymond Dante Fabbro Nathan Beaulieu
Last Minutes Defensive
Center Left Wing Right Wing Defense Defense
Connor McDavid Alex DeBrincat Lucas Raymond Dante Fabbro Nathan Beaulieu
Goaltenders
Starting : Spencer Knight
Backup : Pavel Francouz
Extra Forwards
Normal : Sam Steel, Matthew Beniers, Andrew Cogliano - PP : Sam Steel, Matthew Beniers - PK : Andrew Cogliano
Extra Defensemen
Normal : Nathan Beaulieu, Ty Smith, Dante Fabbro - PP : Dante Fabbro - PK : Dylan Samberg, Dante Fabbro
Penalty Shots
Connor McDavid, Nick Suzuki, Alex DeBrincat, Lucas Raymond, Matthew Beniers
Edmonton Oilers
5 vs 5 Forward
Center Left Wing Right Wing Time % Phy DF OF
1 Boone Jenner Adrian Kempe David Perron 31 1 2 2
2 Mikael Backlund Jake DeBrusk Brock Boeser 31 1 2 2
3 Jeff Carter Jakob Silfverberg Dawson Mercer 25 0 3 2
4 Derek Grant Paul Stastny Jakub Voracek 13 1 2 2
5 vs 5 Defense
Defense Defense Time % Phy DF OF
1 Jacob Trouba Scott Mayfield 32 1 3 1
2 Brandon Carlo Brett Pesce 32 1 3 1
3 Erik Johnson Evan Bouchard 26 1 2 2
4 Brett Pesce Evan Bouchard 10 0 2 3
PowerPlay Forward
Center Left Wing Right Wing Time % Phy DF OF
1 Boone Jenner Adrian Kempe Jake DeBrusk 60 0 0 5
2 Mikael Backlund Jakub Voracek Brock Boeser 40 0 0 5
PowerPlay Defense
Defense Defense Time % Phy DF OF
1 David Perron Evan Bouchard 60 0 1 4
2 Dawson Mercer Brett Pesce 40 0 1 4
Penalty Kill 4 Players Forward
Center Wing Time % Phy DF OF
1 Derek Grant Jakob Silfverberg 50 1 4 0
2 Jeff Carter Mikael Backlund 50 1 4 0
Penalty Kill 4 Players Defense
Defense Defense Time % Phy DF OF
1 Brandon Carlo Erik Johnson 55 1 4 0
2 Jacob Trouba Scott Mayfield 45 1 4 0
Penalty Kill - 3 Players Forward
Forward Time % Phy DF OF
1 Mikael Backlund 51 1 4 0
2 Derek Grant 49 1 4 0
Penalty Kill - 3 Players Defense
Defense Defense Time % Phy DF OF
1 Brandon Carlo Erik Johnson 55 1 4 0
2 Jacob Trouba Scott Mayfield 45 1 4 0
4 vs 4 Forward
Center Wing Time % Phy DF OF
1 Boone Jenner Adrian Kempe 50 0 2 3
2 Mikael Backlund Jake DeBrusk 50 0 2 3
4 vs 4 Defense
Defense Defense Time % Phy DF OF
1 Jacob Trouba Brandon Carlo 50 1 3 1
2 Brett Pesce Evan Bouchard 50 0 3 2
Last Minutes Offensive
Center Left Wing Right Wing Defense Defense
Boone Jenner Adrian Kempe Jake DeBrusk Brett Pesce Evan Bouchard
Last Minutes Defensive
Center Left Wing Right Wing Defense Defense
Mikael Backlund Derek Grant Jakob Silfverberg Brandon Carlo Scott Mayfield
Goaltenders
Starting : Juuse Saros
Backup : Matt Murray
Extra Forwards
Normal : Jake DeBrusk, Adrian Kempe, Boone Jenner - PP : Mikael Backlund, Adrian Kempe - PK : Dawson Mercer
Extra Defensemen
Normal : Evan Bouchard, Jacob Trouba, Brandon Carlo - PP : Jacob Trouba - PK : Brett Pesce, Jacob Trouba
Penalty Shots
Boone Jenner, Adrian Kempe, Jake DeBrusk, David Perron, Dawson Mercer
% Time on Ice - Winnipeg Jets
Lines # - Real PCT - Wanted PCT - Time Play
Normal Forward
1 - 26% - 30% - 9:35
2 - 28% - 30% - 10:21
3 - 23% - 25% - 8:20
4 - 23% - 15% - 8:14
Normal Defense
1 - 35% - 35% - 12:41
2 - 35% - 35% - 12:49
3 - 30% - 30% - 11:00
4 - 0% - 0% - 0:00
PP Forward
1 - 48% - 50% - 2:51
2 - 52% - 50% - 3:06
PP Defense
1 - 39% - 50% - 2:20
2 - 61% - 50% - 3:37
PK Forward
1 - 50% - 50% - 8:42
2 - 50% - 50% - 8:33
PK Defense
1 - 50% - 50% - 8:40
2 - 50% - 50% - 8:35
PK3 Forward
1 - 28% - 50% - 0:05
2 - 72% - 50% - 0:13
PK3 Defense
1 - 0% - 50% - 0:00
2 - 100% - 50% - 0:18
44 Forward
1 - 0% - 50%
2 - 0% - 50%
44 Defense
1 - 0% - 50%
2 - 0% - 50%
Last Minute Offensive - 0:00
Last Minute Defensive - 0:00
Total
Forward - 60:00
Defense - 60:00
|
% Time on Ice - Edmonton Oilers
Lines # - Real PCT - Wanted PCT - Time Play
Normal Forward
1 - 31% - 31% - 11:27
2 - 25% - 31% - 9:13
3 - 20% - 25% - 7:10
4 - 24% - 13% - 8:40
Normal Defense
1 - 39% - 32% - 14:19
2 - 33% - 32% - 12:02
3 - 24% - 26% - 8:40
4 - 4% - 10% - 1:29
PP Forward
1 - 56% - 60% - 9:50
2 - 44% - 40% - 7:43
PP Defense
1 - 64% - 60% - 11:13
2 - 36% - 40% - 6:20
PK Forward
1 - 53% - 50% - 3:08
2 - 47% - 50% - 2:49
PK Defense
1 - 60% - 55% - 3:33
2 - 40% - 45% - 2:24
PK3 Forward
1 - 0% - 51%
2 - 0% - 49%
PK3 Defense
1 - 0% - 55%
2 - 0% - 45%
44 Forward
1 - 0% - 50%
2 - 0% - 50%
44 Defense
1 - 0% - 50%
2 - 0% - 50%
Last Minute Offensive - 0:00
Last Minute Defensive - 0:00
Total
Forward - 60:00
Defense - 60:00
|
Play-by-Play
1st period
0:01 of 1st period - Connor McDavid wins face-off versus Boone Jenner in neutral zone.
0:27 of 1st period - Nathan Beaulieu is hit by Jake DeBrusk and loses puck.
0:32 of 1st period - Snap shot by Mikael Backlund.
0:32 of 1st period - Stopped by Spencer Knight with a rebound.
0:34 of 1st period - Wrist shot by Brett Pesce.
0:34 of 1st period - Shot Misses the Net.
1:37 of 1st period - Snap shot by David Perron.
1:37 of 1st period - Stopped by Spencer Knight with a rebound.
1:39 of 1st period - Snap shot by Boone Jenner.
1:39 of 1st period - Stopped by Spencer Knight with a rebound.
2:36 of 1st period - Icing by Derek Grant.
2:37 of 1st period - Connor McDavid wins face-off versus Derek Grant in Edmonton Oilers zone.
2:55 of 1st period - Snap shot by Brett Pesce.
2:55 of 1st period - Shot Misses the Net.
2:57 of 1st period - Snap shot by Brandon Carlo.
2:57 of 1st period - Shot Misses the Net.
3:20 of 1st period - Minor Penalty to Mark Borowiecki for Hooking.
3:21 of 1st period - Boone Jenner wins face-off versus Connor McDavid in Winnipeg Jets zone.
5:20 of 1st period - Penalty to Mark Borowiecki is over, Mark Borowiecki is back on ice.
5:24 of 1st period - Nathan Beaulieu is hit by Jakob Silfverberg and loses puck.
5:51 of 1st period - David Perron is hit by Barclay Goodrow and loses puck.
6:37 of 1st period - Slapshot by Matthew Beniers.
6:37 of 1st period - Shot Blocked by Erik Johnson.
8:17 of 1st period - Evan Bouchard is hit by Matthew Beniers and loses puck.
8:40 of 1st period - Slapshot by David Perron.
8:40 of 1st period - Shot Misses the Net.
9:01 of 1st period - Icing by Mikael Backlund.
9:02 of 1st period - Matthew Beniers wins face-off versus Mikael Backlund in Edmonton Oilers zone.
9:14 of 1st period - Icing by Mikael Backlund.
9:15 of 1st period - Matthew Beniers wins face-off versus Mikael Backlund in Edmonton Oilers zone.
9:31 of 1st period - Slapshot by Brandon Carlo.
9:31 of 1st period - Shot Misses the Net.
9:33 of 1st period - Snap shot by Jake DeBrusk.
9:33 of 1st period - Shot Blocked by Nathan Beaulieu.
9:35 of 1st period - Slapshot by Brandon Carlo.
9:35 of 1st period - Shot Misses the Net.
9:39 of 1st period - Snap shot by Jake DeBrusk.
9:39 of 1st period - Stopped by Spencer Knight with a rebound.
9:41 of 1st period - Wrist shot by Mikael Backlund.
9:41 of 1st period - Stopped by Spencer Knight without a rebound.
9:42 of 1st period - David Perron wins face-off versus Nick Suzuki in Winnipeg Jets zone.
9:50 of 1st period - Minor Penalty to Dylan Samberg for High sticking.
9:51 of 1st period - Boone Jenner wins face-off versus Alex DeBrincat in Winnipeg Jets zone.
10:17 of 1st period - David Perron is hit by Lucas Raymond.
10:33 of 1st period - Double Minor Penalty to Alex DeBrincat for Slashing.
10:34 of 1st period - Connor McDavid wins face-off versus Boone Jenner in Winnipeg Jets zone.
10:45 of 1st period - Wrist shot by Boone Jenner.
10:45 of 1st period - Shot Misses the Net.
10:47 of 1st period - Wrist shot by Adrian Kempe.
10:47 of 1st period - Shot Misses the Net.
10:49 of 1st period - Slapshot by David Perron.
10:49 of 1st period - Stopped by Spencer Knight with a rebound.
10:51 of 1st period - Snap shot by Adrian Kempe.
10:51 of 1st period - Goal by Adrian Kempe - Winnipeg Jets : 0 - Edmonton Oilers : 1.
10:52 of 1st period - Connor McDavid wins face-off versus Boone Jenner in neutral zone.
12:08 of 1st period - Icing by Dawson Mercer.
12:09 of 1st period - Yegor Sharangovich wins face-off versus Boone Jenner in Edmonton Oilers zone.
14:33 of 1st period - Penalty to Alex DeBrincat is over, Alex DeBrincat is back on ice.
14:40 of 1st period - Wrist shot by Sam Steel.
14:40 of 1st period - Stopped by Juuse Saros without a rebound.
14:41 of 1st period - Sam Steel wins face-off versus Derek Grant in Edmonton Oilers zone.
14:50 of 1st period - Snap shot by Sam Steel.
14:50 of 1st period - Shot Misses the Net.
14:52 of 1st period - Slapshot by Nathan Beaulieu.
14:52 of 1st period - Stopped by Juuse Saros with a rebound.
14:54 of 1st period - Snap shot by Joel Armia.
14:54 of 1st period - Shot Misses the Net.
14:56 of 1st period - Slapshot by Dante Fabbro.
14:56 of 1st period - Stopped by Juuse Saros with a rebound.
15:06 of 1st period - Jacob Trouba is hit by Yegor Sharangovich and loses puck.
15:31 of 1st period - Snap shot by Lucas Raymond.
15:31 of 1st period - Stopped by Juuse Saros with a rebound.
15:33 of 1st period - Snap shot by Alex DeBrincat.
15:33 of 1st period - Stopped by Juuse Saros without a rebound.
15:34 of 1st period - Mikael Backlund wins face-off versus Connor McDavid in Edmonton Oilers zone.
15:34 of 1st period - Mikael Backlund is hit by Alex DeBrincat.
15:48 of 1st period - Backhand shot by Jake DeBrusk.
15:48 of 1st period - Stopped by Spencer Knight with a rebound.
15:54 of 1st period - Brock Boeser is hit by Alex DeBrincat and loses puck.
16:29 of 1st period - Snap shot by Connor McDavid.
16:29 of 1st period - Shot Blocked by Mikael Backlund.
16:31 of 1st period - Wrist shot by Connor McDavid.
16:31 of 1st period - Stopped by Juuse Saros without a rebound.
16:32 of 1st period - Nick Suzuki wins face-off versus Boone Jenner in Edmonton Oilers zone.
16:33 of 1st period - Snap shot by Kaapo Kakko.
16:33 of 1st period - Shot Misses the Net.
16:45 of 1st period - Snap shot by Adrian Kempe.
16:45 of 1st period - Shot Misses the Net.
16:47 of 1st period - Slapshot by Evan Bouchard.
16:47 of 1st period - Stopped by Spencer Knight without a rebound.
16:48 of 1st period - Jeff Carter wins face-off versus Matthew Beniers in Winnipeg Jets zone.
17:09 of 1st period - Minor Penalty to Calen Addison for Tripping.
17:10 of 1st period - Connor McDavid wins face-off versus Adrian Kempe in Winnipeg Jets zone.
18:48 of 1st period - Icing by Boone Jenner.
18:49 of 1st period - Boone Jenner wins face-off versus Andrew Cogliano in Edmonton Oilers zone.
19:09 of 1st period - Penalty to Calen Addison is over, Calen Addison is back on ice.
19:28 of 1st period - Wrist shot by Matthew Beniers.
19:28 of 1st period - Shot Blocked by Dawson Mercer.
19:31 of 1st period - Icing by Dawson Mercer.
19:32 of 1st period - Jeff Carter wins face-off versus Nick Suzuki in Edmonton Oilers zone.
19:44 of 1st period - Snap shot by Jeff Carter.
19:44 of 1st period - Stopped by Spencer Knight with a rebound.
19:46 of 1st period - Snap shot by Brett Pesce.
19:46 of 1st period - Shot Misses the Net.
19:48 of 1st period - Snap shot by Jeff Carter.
19:48 of 1st period - Stopped by Spencer Knight without a rebound.
19:49 of 1st period - Connor McDavid wins face-off versus Boone Jenner in Winnipeg Jets zone.
19:58 of 1st period - Snap shot by Lucas Raymond.
19:58 of 1st period - Deflect By Alex DeBrincat.
19:58 of 1st period - Shot Misses the Net.
19:58 of 1st period - Puck is out of play.
19:59 of 1st period - Connor McDavid wins face-off versus Boone Jenner in Edmonton Oilers zone.
Goals for this period are 0 for Winnipeg Jets vs 1 for Edmonton Oilers.
Shots for this period are 6 for Winnipeg Jets vs 11 for Edmonton Oilers.
2nd period
0:01 of 2nd period - Boone Jenner wins face-off versus Nick Suzuki in neutral zone.
0:12 of 2nd period - Snap shot by David Perron.
0:12 of 2nd period - Stopped by Spencer Knight without a rebound.
0:13 of 2nd period - Nick Suzuki wins face-off versus Adrian Kempe in Winnipeg Jets zone.
0:50 of 2nd period - Snap shot by Jake DeBrusk.
0:50 of 2nd period - Deflect By Mikael Backlund.
0:50 of 2nd period - Shot Misses the Net.
0:50 of 2nd period - Puck is out of play.
0:51 of 2nd period - Mikael Backlund wins face-off versus Matthew Beniers in Winnipeg Jets zone.
0:55 of 2nd period - Minor Penalty to Mark Borowiecki for Tripping.
0:56 of 2nd period - Boone Jenner wins face-off versus Connor McDavid in Winnipeg Jets zone.
2:39 of 2nd period - Connor McDavid is hit by Adrian Kempe and loses puck.
2:55 of 2nd period - Penalty to Mark Borowiecki is over, Mark Borowiecki is back on ice.
3:34 of 2nd period - Barclay Goodrow is hit by Paul Stastny and loses puck.
4:05 of 2nd period - Snap shot by Ty Smith.
4:05 of 2nd period - Deflect By Yegor Sharangovich.
4:05 of 2nd period - Stopped by Juuse Saros with a rebound.
4:27 of 2nd period - Snap shot by Lucas Raymond.
4:27 of 2nd period - Deflect By David Perron.
4:27 of 2nd period - Stopped by Juuse Saros with a rebound.
4:29 of 2nd period - Wrist shot by Barclay Goodrow.
4:29 of 2nd period - Stopped by Juuse Saros with a rebound.
4:31 of 2nd period - Wrist shot by Kaapo Kakko.
4:31 of 2nd period - Stopped by Juuse Saros without a rebound.
4:32 of 2nd period - Boone Jenner wins face-off versus Barclay Goodrow in Edmonton Oilers zone.
4:37 of 2nd period - Snap shot by Nick Suzuki.
4:37 of 2nd period - Shot Misses the Net.
4:39 of 2nd period - Snap shot by Dante Fabbro.
4:39 of 2nd period - Stopped by Juuse Saros without a rebound.
4:40 of 2nd period - Connor McDavid wins face-off versus Derek Grant in Edmonton Oilers zone.
4:43 of 2nd period - Snap shot by Alex DeBrincat.
4:43 of 2nd period - Shot Misses the Net.
4:45 of 2nd period - Backhand shot by Connor McDavid.
4:45 of 2nd period - Deflect By Derek Grant.
4:45 of 2nd period - Stopped by Juuse Saros with a rebound.
4:47 of 2nd period - Slapshot by Dante Fabbro.
4:47 of 2nd period - Shot Blocked by Paul Stastny.
4:49 of 2nd period - Snap shot by Alex DeBrincat.
4:49 of 2nd period - Shot Misses the Net.
5:08 of 2nd period - Snap shot by Jakub Voracek.
5:08 of 2nd period - Stopped by Spencer Knight without a rebound.
5:09 of 2nd period - Nick Suzuki wins face-off versus David Perron in Winnipeg Jets zone.
5:15 of 2nd period - Wrist shot by Kaapo Kakko.
5:15 of 2nd period - Stopped by Juuse Saros with a rebound.
5:17 of 2nd period - Snap shot by Dante Fabbro.
5:17 of 2nd period - Stopped by Juuse Saros with a rebound.
5:19 of 2nd period - Wrist shot by Barclay Goodrow.
5:19 of 2nd period - Shot Blocked by Evan Bouchard.
5:47 of 2nd period - Brock Boeser is hit by Andrew Cogliano and loses puck.
6:39 of 2nd period - Icing by Pius Suter.
6:40 of 2nd period - David Perron wins face-off versus Sam Steel in Winnipeg Jets zone.
6:43 of 2nd period - Wrist shot by Adrian Kempe.
6:43 of 2nd period - Stopped by Spencer Knight with a rebound.
7:01 of 2nd period - Minor Penalty to Brock Boeser for Delaying the game.
7:02 of 2nd period - Derek Grant wins face-off versus Connor McDavid in Edmonton Oilers zone.
9:01 of 2nd period - Penalty to Brock Boeser is over, Brock Boeser is back on ice.
9:30 of 2nd period - Minor Penalty to Calen Addison for Holding.
9:31 of 2nd period - Boone Jenner wins face-off versus Connor McDavid in Winnipeg Jets zone.
9:31 of 2nd period - Wrist shot by Jake DeBrusk.
9:31 of 2nd period - Deflect By Nick Suzuki.
9:31 of 2nd period - Stopped by Spencer Knight without a rebound.
9:32 of 2nd period - Connor McDavid wins face-off versus Boone Jenner in Winnipeg Jets zone.
9:43 of 2nd period - Snap shot by Alex DeBrincat.
9:43 of 2nd period - Stopped by Juuse Saros with a rebound.
9:46 of 2nd period - Icing by Evan Bouchard.
9:47 of 2nd period - Connor McDavid wins face-off versus Boone Jenner in Edmonton Oilers zone.
9:48 of 2nd period - Snap shot by Nick Suzuki.
9:48 of 2nd period - Stopped by Juuse Saros without a rebound.
9:49 of 2nd period - Boone Jenner wins face-off versus Connor McDavid in Edmonton Oilers zone.
10:28 of 2nd period - Snap shot by Lucas Raymond.
10:28 of 2nd period - Shot Misses the Net.
10:30 of 2nd period - Slapshot by Dante Fabbro.
10:30 of 2nd period - Shot Misses the Net.
11:30 of 2nd period - Penalty to Calen Addison is over, Calen Addison is back on ice.
12:52 of 2nd period - Wrist shot by Sam Steel.
12:52 of 2nd period - Stopped by Juuse Saros without a rebound.
12:53 of 2nd period - Sam Steel wins face-off versus Derek Grant in Edmonton Oilers zone.
13:09 of 2nd period - Icing by Evan Bouchard.
13:10 of 2nd period - Derek Grant wins face-off versus Nick Suzuki in Edmonton Oilers zone.
13:34 of 2nd period - Evan Bouchard is hit by Nathan Beaulieu and loses puck.
14:22 of 2nd period - Erik Johnson is hit by Kaapo Kakko and loses puck.
14:32 of 2nd period - Off-side.
14:33 of 2nd period - Mikael Backlund wins face-off versus Connor McDavid in neutral zone.
15:00 of 2nd period - Brandon Carlo is hit by Andrew Cogliano and loses puck.
15:27 of 2nd period - Minor Penalty to Joel Armia for Hooking.
15:28 of 2nd period - Boone Jenner wins face-off versus Alex DeBrincat in Winnipeg Jets zone.
15:40 of 2nd period - Snap shot by Boone Jenner.
15:40 of 2nd period - Shot Misses the Net.
15:42 of 2nd period - Slapshot by David Perron.
15:42 of 2nd period - Goal by David Perron - Winnipeg Jets : 0 - Edmonton Oilers : 2.
15:43 of 2nd period - Connor McDavid wins face-off versus Mikael Backlund in neutral zone.
15:56 of 2nd period - Snap shot by Jake DeBrusk.
15:56 of 2nd period - Shot Misses the Net.
15:58 of 2nd period - Snap shot by Brock Boeser.
15:58 of 2nd period - Stopped by Spencer Knight without a rebound.
15:59 of 2nd period - Nick Suzuki wins face-off versus Boone Jenner in Winnipeg Jets zone.
16:10 of 2nd period - Snap shot by Kaapo Kakko.
16:10 of 2nd period - Shot Misses the Net.
16:12 of 2nd period - Slapshot by Nick Suzuki.
16:12 of 2nd period - Stopped by Juuse Saros without a rebound.
16:13 of 2nd period - Connor McDavid wins face-off versus Mikael Backlund in Edmonton Oilers zone.
16:18 of 2nd period - Slapshot by Connor McDavid.
16:18 of 2nd period - Deflect By Jacob Trouba.
16:18 of 2nd period - Shot Misses the Net.
16:18 of 2nd period - Puck is out of play.
16:19 of 2nd period - Mikael Backlund wins face-off versus Connor McDavid in Edmonton Oilers zone.
16:26 of 2nd period - Wrist shot by Brock Boeser.
16:26 of 2nd period - Stopped by Spencer Knight without a rebound.
16:27 of 2nd period - Connor McDavid wins face-off versus Mikael Backlund in Winnipeg Jets zone.
17:02 of 2nd period - Ty Smith is hit by Boone Jenner and loses puck.
17:36 of 2nd period - Slapshot by Joel Armia.
17:36 of 2nd period - Shot Misses the Net.
18:39 of 2nd period - Snap shot by Nick Suzuki.
18:39 of 2nd period - Shot Misses the Net.
18:41 of 2nd period - Snap shot by Nick Suzuki.
18:41 of 2nd period - Deflect By Kaapo Kakko.
18:41 of 2nd period - Goal by Kaapo Kakko - Winnipeg Jets : 1 - Edmonton Oilers : 2.
18:42 of 2nd period - Mikael Backlund wins face-off versus Nick Suzuki in neutral zone.
18:53 of 2nd period - Snap shot by Calen Addison.
18:53 of 2nd period - Shot Blocked by Mikael Backlund.
18:55 of 2nd period - Wrist shot by Calen Addison.
18:55 of 2nd period - Shot Misses the Net.
19:07 of 2nd period - Boone Jenner is hit by Matthew Beniers and loses puck.
19:44 of 2nd period - Minor Penalty to Nathan Beaulieu for Interference.
19:45 of 2nd period - Connor McDavid wins face-off versus Mikael Backlund in Winnipeg Jets zone.
19:45 of 2nd period - Connor McDavid is hit by Mikael Backlund.
Goals for this period are 1 for Winnipeg Jets vs 1 for Edmonton Oilers.
Shots for this period are 13 for Winnipeg Jets vs 7 for Edmonton Oilers.
3rd period
0:01 of 3rd period - Connor McDavid wins face-off versus Jake DeBrusk in neutral zone.
0:30 of 3rd period - Alex DeBrincat is hit by Mikael Backlund and loses puck.
1:44 of 3rd period - Penalty to Nathan Beaulieu is over, Nathan Beaulieu is back on ice.
2:16 of 3rd period - Snap shot by Matthew Beniers.
2:16 of 3rd period - Stopped by Juuse Saros without a rebound.
2:17 of 3rd period - Jeff Carter wins face-off versus Matthew Beniers in Edmonton Oilers zone.
2:17 of 3rd period - Jeff Carter is hit by Andrew Cogliano.
2:42 of 3rd period - Nick Suzuki is hit by Boone Jenner and loses puck.
3:05 of 3rd period - Wrist shot by Joel Armia.
3:05 of 3rd period - Deflect By Sam Steel.
3:05 of 3rd period - Shot Hit the Post.
3:05 of 3rd period - Puck is out of play.
3:06 of 3rd period - Jeff Carter wins face-off versus Connor McDavid in Edmonton Oilers zone.
3:06 of 3rd period - Jeff Carter is hit by Mark Borowiecki.
3:50 of 3rd period - Minor Penalty to Dante Fabbro for Slashing.
3:51 of 3rd period - Boone Jenner wins face-off versus Connor McDavid in Winnipeg Jets zone.
3:55 of 3rd period - Snap shot by Boone Jenner.
3:55 of 3rd period - Deflect By Adrian Kempe.
3:55 of 3rd period - Shot Blocked by Dylan Samberg.
3:55 of 3rd period - Puck is out of play.
3:56 of 3rd period - Boone Jenner wins face-off versus Connor McDavid in Winnipeg Jets zone.
3:57 of 3rd period - Wrist shot by Jake DeBrusk.
3:57 of 3rd period - Shot Misses the Net.
3:59 of 3rd period - Snap shot by Jake DeBrusk.
3:59 of 3rd period - Stopped by Spencer Knight with a rebound.
4:32 of 3rd period - Wrist shot by Jakub Voracek.
4:32 of 3rd period - Goal by Jakub Voracek - Winnipeg Jets : 1 - Edmonton Oilers : 3.
4:33 of 3rd period - Connor McDavid wins face-off versus Mikael Backlund in neutral zone.
4:38 of 3rd period - Slapshot by Lucas Raymond.
4:38 of 3rd period - Stopped by Juuse Saros without a rebound.
4:39 of 3rd period - Mikael Backlund wins face-off versus Lucas Raymond in Edmonton Oilers zone.
5:53 of 3rd period - Snap shot by Joel Armia.
5:53 of 3rd period - Shot Blocked by Jacob Trouba.
6:02 of 3rd period - Minor Penalty to Alex DeBrincat for Hooking.
6:03 of 3rd period - Connor McDavid wins face-off versus Boone Jenner in Winnipeg Jets zone.
6:42 of 3rd period - Wrist shot by Mikael Backlund.
6:42 of 3rd period - Shot Misses the Net.
6:44 of 3rd period - Slapshot by Jakub Voracek.
6:44 of 3rd period - Stopped by Spencer Knight with a rebound.
6:46 of 3rd period - Backhand shot by David Perron.
6:46 of 3rd period - Stopped by Spencer Knight with a rebound.
6:58 of 3rd period - Icing by Dawson Mercer.
6:59 of 3rd period - Boone Jenner wins face-off versus Connor McDavid in Edmonton Oilers zone.
7:02 of 3rd period - Snap shot by Nick Suzuki.
7:02 of 3rd period - Stopped by Juuse Saros with a rebound.
7:12 of 3rd period - Slapshot by Ty Smith.
7:12 of 3rd period - Shot Misses the Net.
7:14 of 3rd period - Slapshot by Dylan Samberg.
7:14 of 3rd period - Deflect By Mikael Backlund.
7:14 of 3rd period - Stopped by Juuse Saros without a rebound.
7:15 of 3rd period - Mikael Backlund wins face-off versus Andrew Cogliano in Edmonton Oilers zone.
7:28 of 3rd period - Slapshot by Andrew Cogliano.
7:28 of 3rd period - Shot Blocked by David Perron.
7:30 of 3rd period - Slapshot by Dylan Samberg.
7:30 of 3rd period - Stopped by Juuse Saros with a rebound.
7:47 of 3rd period - Snap shot by Brock Boeser.
7:47 of 3rd period - Deflect By Jakub Voracek.
7:47 of 3rd period - Shot Misses the Net.
7:47 of 3rd period - Puck is out of play.
7:48 of 3rd period - Boone Jenner wins face-off versus Andrew Cogliano in Winnipeg Jets zone.
8:01 of 3rd period - Snap shot by Nick Suzuki.
8:01 of 3rd period - Shot Blocked by Brett Pesce.
8:02 of 3rd period - Penalty to Alex DeBrincat is over, Alex DeBrincat is back on ice.
8:03 of 3rd period - Wrist shot by Alex DeBrincat.
8:03 of 3rd period - Goal by Alex DeBrincat - Winnipeg Jets : 2 - Edmonton Oilers : 3.
8:04 of 3rd period - Nick Suzuki wins face-off versus Mikael Backlund in neutral zone.
8:52 of 3rd period - Dawson Mercer is hit by Andrew Cogliano and loses puck.
8:59 of 3rd period - Wrist shot by Andrew Cogliano.
8:59 of 3rd period - Shot Misses the Net.
9:25 of 3rd period - Snap shot by Jake DeBrusk.
9:25 of 3rd period - Stopped by Spencer Knight with a rebound.
9:44 of 3rd period - Brett Pesce is hit by Nathan Beaulieu and loses puck.
9:56 of 3rd period - Minor Penalty to Brett Pesce for Hooking.
9:57 of 3rd period - Jeff Carter wins face-off versus Nick Suzuki in Edmonton Oilers zone.
10:05 of 3rd period - Wrist shot by Mikael Backlund.
10:05 of 3rd period - Shot Misses the Net.
10:55 of 3rd period - Wrist shot by Nick Suzuki.
10:55 of 3rd period - Shot Misses the Net.
11:30 of 3rd period - Icing by Alex DeBrincat.
11:31 of 3rd period - Jeff Carter wins face-off versus Connor McDavid in Winnipeg Jets zone.
11:40 of 3rd period - Connor McDavid is hit by Derek Grant.
11:50 of 3rd period - Jeff Carter is hit by Nick Suzuki and loses puck.
11:56 of 3rd period - Penalty to Brett Pesce is over, Brett Pesce is back on ice.
12:02 of 3rd period - Nick Suzuki is hit by Jacob Trouba and loses puck.
12:17 of 3rd period - Wrist shot by Nick Suzuki.
12:17 of 3rd period - Shot Misses the Net.
12:55 of 3rd period - Snap shot by Jeff Carter.
12:55 of 3rd period - Shot Misses the Net.
12:57 of 3rd period - Slapshot by Jacob Trouba.
12:57 of 3rd period - Deflect By Mikael Backlund.
12:57 of 3rd period - Goal by Mikael Backlund - Winnipeg Jets : 2 - Edmonton Oilers : 4.
12:58 of 3rd period - Connor McDavid wins face-off versus Boone Jenner in neutral zone.
13:35 of 3rd period - Wrist shot by Andrew Cogliano.
13:35 of 3rd period - Shot Misses the Net.
13:45 of 3rd period - Snap shot by Sam Steel.
13:45 of 3rd period - Stopped by Juuse Saros with a rebound.
13:47 of 3rd period - Slapshot by Mark Borowiecki.
13:47 of 3rd period - Shot Misses the Net.
13:49 of 3rd period - Snap shot by Joel Armia.
13:49 of 3rd period - Stopped by Juuse Saros with a rebound.
13:51 of 3rd period - Snap shot by Sam Steel.
13:51 of 3rd period - Deflect By David Perron.
13:51 of 3rd period - Shot Misses the Net.
13:51 of 3rd period - Puck is out of play.
13:52 of 3rd period - Derek Grant wins face-off versus Connor McDavid in Edmonton Oilers zone.
14:07 of 3rd period - Scott Mayfield is hit by Alex DeBrincat and loses puck.
14:28 of 3rd period - Slapshot by Yegor Sharangovich.
14:28 of 3rd period - Stopped by Juuse Saros without a rebound.
14:29 of 3rd period - Nick Suzuki wins face-off versus Mikael Backlund in Edmonton Oilers zone.
14:30 of 3rd period - Slapshot by Kaapo Kakko.
14:30 of 3rd period - Deflect By Nick Suzuki.
14:30 of 3rd period - Goal by Nick Suzuki - Winnipeg Jets : 3 - Edmonton Oilers : 4.
14:31 of 3rd period - Connor McDavid wins face-off versus David Perron in neutral zone.
14:35 of 3rd period - Boone Jenner and Ty Smith fight to a draw.
14:35 of 3rd period - Penalty to Boone Jenner for Fighting.
14:35 of 3rd period - Penalty to Ty Smith for Fighting.
14:35 of 3rd period - Penalty to Boone Jenner for instigated a fight.
14:35 of 3rd period - Penalty to Boone Jenner for instigated and being the aggresor in a fight.
14:35 of 3rd period - Boone Jenner is ejected from game.
14:36 of 3rd period - Nick Suzuki wins face-off versus Derek Grant in neutral zone.
15:01 of 3rd period - Connor McDavid is hit by Erik Johnson and loses puck.
15:22 of 3rd period - Off-side.
15:23 of 3rd period - Nick Suzuki wins face-off versus Mikael Backlund in neutral zone.
15:50 of 3rd period - Dante Fabbro is hit by Scott Mayfield and loses puck.
16:06 of 3rd period - Snap shot by Kaapo Kakko.
16:06 of 3rd period - Deflect By Barclay Goodrow.
16:06 of 3rd period - Stopped by Juuse Saros without a rebound.
16:07 of 3rd period - Connor McDavid wins face-off versus Derek Grant in Edmonton Oilers zone.
16:22 of 3rd period - Slapshot by Lucas Raymond.
16:22 of 3rd period - Shot Misses the Net.
16:35 of 3rd period - Penalty to Boone Jenner is over, Dawson Mercer is send on ice.
16:50 of 3rd period - Yegor Sharangovich is hit by Brandon Carlo and loses puck.
17:45 of 3rd period - Snap shot by Pius Suter.
17:45 of 3rd period - Deflect By Joel Armia.
17:45 of 3rd period - Stopped by Juuse Saros with a rebound.
18:25 of 3rd period - Joel Armia is hit by Erik Johnson and loses puck.
19:06 of 3rd period - Slapshot by David Perron.
19:06 of 3rd period - Stopped by Spencer Knight with a rebound.
19:08 of 3rd period - Snap shot by David Perron.
19:08 of 3rd period - Goal by David Perron - Winnipeg Jets : 3 - Edmonton Oilers : 5.
19:09 of 3rd period - Matthew Beniers wins face-off versus Jeff Carter in neutral zone.
19:11 of 3rd period - Calen Addison is hit by Dawson Mercer and loses puck.
19:16 of 3rd period - Andrew Cogliano is hit by Brett Pesce and loses puck.
19:23 of 3rd period - Snap shot by Evan Bouchard.
19:23 of 3rd period - Deflect By Jakob Silfverberg.
19:23 of 3rd period - Stopped by Spencer Knight with a rebound.
19:25 of 3rd period - Wrist shot by Dawson Mercer.
19:25 of 3rd period - Stopped by Spencer Knight with a rebound.
19:37 of 3rd period - Wrist shot by Nick Suzuki.
19:37 of 3rd period - Stopped by Juuse Saros with a rebound.
19:43 of 3rd period - Kaapo Kakko is hit by Brock Boeser and loses puck.
Goals for this period are 2 for Winnipeg Jets vs 3 for Edmonton Oilers.
Shots for this period are 13 for Winnipeg Jets vs 10 for Edmonton Oilers.
Back to the Top